AoeStats
← Alexspiration

Nomad

508043771Analyzed
4v4 RM · 13d ago on Sep 20, 2026· 53m 51s· 8 players
Game mode
Random Map
Map size
231×231
Population
200
Speed
Normal
Resources
Standard
Victory
Conquest
Starting age
Dark Age
Ending age
Imperial Age
RankedLock teamsTeams togetherTeam positionsShared explorationLock speedFull tech treeHidden civsTurbo modeCheats
Victory
Defeat
🇫🇷 Lithuanians · France
1555
+15
🇳🇱 Malay · Netherlands
1537
+16
🇨🇱 Byzantines · Chile
1509
+17
🇩🇪 Vietnamese · Germany
1489
+17
🇦🇷 Persians · Argentina
1554
-17
🇦🇷 Vietnamese · Argentina
1553
-17
🇦🇷 Spanish · Argentina
1524
-16
🇺🇾 Turks · Uruguay
1491
-15
[CL] ElPali
4:35 Loom
12:21 Feudal Age
12:53 Double-Bit Axe
13:08 Gold Mining
23:40 Castle Age
24:34 Medium Warships
30:53 Forging
36:12 Greek Fire
37:38 Bow Saw
40:06 Wheelbarrow
42:41 Imperial Age
41:40 Fletching
41:50 Padded Archer Armor
42:23 Elite Skirmisher
43:08 Thumb Ring
43:25 Ballistics
43:25 Bodkin Arrow
43:45 Leather Archer Armor
44:59 Chemistry
45:14 Conscription
46:51 Hand Cart
47:19 Iron Casting
47:41 Gold Shaft Mining
47:00 Stone Mining
50:06 Ring Archer Armor
53:54 Two-Man Saw
Simon Stokvis
4:48 Loom
13:32 Feudal Age
13:52 Double-Bit Axe
18:52 Castle Age
18:26 Gold Mining
19:00 Bow Saw
18:40 Town Watch
21:30 Fletching
21:40 Padded Archer Armor
21:36 Crossbowman
22:43 Ballistics
24:01 Thumb Ring
25:43 Bodkin Arrow
32:38 Imperial Age
31:51 Arbalester
36:29 Chemistry
36:11 Leather Archer Armor
38:43 Bracer
42:05 Gold Shaft Mining
45:15 Conscription
45:03 Thalassocracy
46:07 Elite Skirmisher
47:04 Stone Mining
46:46 Imperial Skirmisher
54:28 Stone Shaft Mining
Alexspiration
4:33 Loom
13:15 Feudal Age
15:11 Fishing Lines
19:51 Castle Age
18:09 Double-Bit Axe
19:21 Fletching
20:47 Bodkin Arrow
21:18 Gillnets
21:59 Medium Warships
22:55 Horse Collar
25:51 Wheelbarrow
30:05 Hand Cart
29:36 Town Watch
30:03 Gold Mining
30:03 Stone Mining
33:20 Scale Mail Armor
33:30 Forging
34:52 Ballistics
40:42 Imperial Age
38:39 Padded Archer Armor
38:49 Pikeman
39:56 Bow Saw
39:47 Heavy Plow
40:17 Squires
40:29 Chatras
42:41 Chemistry
41:43 Bracer
42:47 Paper Money
43:54 Leather Archer Armor
43:23 Elite Rattan Archer
44:01 Treadmill Crane
44:32 Murder Holes
45:50 Ring Archer Armor
45:37 Thumb Ring
49:08 Siege Engineers
50:23 Hoardings
50:50 Two-Man Saw
50:23 Crop Rotation
51:05 Halberdier
52:02 Chain Mail Armor
52:23 Iron Casting
Getsuga Tensho
9:53 Loom
12:36 Feudal Age
13:26 Gold Mining
16:45 Double-Bit Axe
16:57 Fletching
23:24 Castle Age
21:47 Stone Mining
28:01 Castle Age
27:00 Fishing Lines
29:07 Scale Barding Armor
30:53 Forging
32:52 Chain Barding Armor
33:46 Wheelbarrow
34:37 Bow Saw
43:55 Bloodlines
45:10 Husbandry
45:39 Horse Collar
49:56 Iron Casting
54:39 Imperial Age
53:56 Hand Cart
El Kb
4:03 Loom
13:38 Feudal Age
18:21 Castle Age
17:13 Double-Bit Axe
17:50 Fletching
17:44 Horse Collar
21:36 Bodkin Arrow
23:41 Padded Archer Armor
27:29 Wheelbarrow
28:44 Leather Archer Armor
29:32 Ballistics
37:28 Imperial Age
36:02 Treadmill Crane
36:52 Stone Mining
36:56 Gold Mining
38:10 Bracer
39:18 Chemistry
41:19 Stone Shaft Mining
41:47 Ring Archer Armor
47:20 Bow Saw
47:56 Thumb Ring
49:59 Elite Skirmisher
51:27 Imperial Skirmisher
52:11 Capped Ram
le ignacio
4:48 Loom
13:30 Feudal Age
15:06 Town Watch
18:17 Castle Age
17:16 Gold Mining
17:21 Horse Collar
20:28 Fletching
23:58 Padded Archer Armor
28:13 Leather Archer Armor
33:44 Double-Bit Axe
34:39 Wheelbarrow
35:28 Heavy Plow
38:52 Imperial Age
37:18 Scale Mail Armor
37:26 Scale Barding Armor
38:37 Bow Saw
39:08 Chain Barding Armor
38:58 Forging
39:10 Bloodlines
40:41 Chemistry
39:11 Cavalier
40:58 Plate Barding Armor
41:40 Iron Casting
42:12 Hand Cart
44:31 Blast Furnace
46:07 Husbandry
Nanobot
8:16 Loom
12:17 Feudal Age
13:40 Double-Bit Axe
19:28 Castle Age
20:07 Medium Warships
20:15 Medium Warships
22:19 Bow Saw
27:54 Horse Collar
31:25 Town Watch
32:38 Wheelbarrow
34:57 Fletching
35:54 Bodkin Arrow
41:32 Gold Mining
45:24 Imperial Age
44:08 Bloodlines
43:59 Husbandry
45:00 Scale Barding Armor
45:15 Padded Archer Armor
45:27 Forging
46:01 Gold Shaft Mining
46:50 Heavy Camel Rider
48:53 Chain Barding Armor
49:06 Conscription
50:36 Plate Barding Armor
51:52 Padded Archer Armor
53:03 Iron Casting
52:16 Light Cavalry
52:56 Cavalier
[GGnT] Nanito_Uy
10:24 Loom
14:07 Feudal Age
18:19 Castle Age
16:57 Double-Bit Axe
18:02 Horse Collar
21:18 Bow Saw
24:02 Scale Barding Armor
24:10 Bloodlines
27:24 Chain Barding Armor
29:13 Heavy Plow
29:43 Forging
32:33 Wheelbarrow
41:25 Imperial Age
40:18 Gold Mining
40:26 Stone Mining
42:15 Gold Shaft Mining
43:29 Iron Casting
46:03 Plate Barding Armor
46:22 Padded Archer Armor
Connection lost

Rejoining the realm…

Still unreachable

The connection could not be restored.

Session expired

The server has moved on; the page needs a fresh start.